| TOP OF THE 1ST |
|
Pulaski Yankees batting - Pitching for Detroit (APP) Tigers : RHP Alvaro Patino
|
|
Pitching: RHP Alvaro Patino
|
|
|
Batting: RHB Jonathan Iniguez
|
0-0: Ball 1-0: Ball 2-0: Called Strike 2-1: Foul Ball, location: 2F 2-2: Ball 3-2: Foul Ball, location: 2F 3-2: Base on Balls
|
|
Batting: SHB Corey Penson
|
0-0: Foul Ball, location: 2F 0-1: Foul Ball, location: 2F 0-2: Ball 1-2: Ball 2-2: Fielders Choice at 2nd, 2-4 (Groundball, 15S, EV 66.9 MPH)
|
|
Batting: LHB Steve LeGrand
|
0-0: Called Strike 0-1: Foul Ball, location: 2F 0-2: Foul Ball, location: 2F 0-2: Grounds into double play, 6-4-3 (Groundball, 6, EV 88.1 MPH)
|
| Top of the 1st over - 0 runs, 0 hits, 0 errors, 0 left on base; Pulaski 0 - Detroit (APP) 0 |
| BOTTOM OF THE 1ST |
|
Detroit (APP) Tigers batting - Pitching for Pulaski Yankees : LHP Dustin Shaw
|
|
Pitching: LHP Dustin Shaw
|
|
|
Batting: SHB Jean-Luc Legros
|
0-0: Called Strike 0-1: Swinging Strike 0-2: Ball 1-2: Ball 2-2: Foul Ball, location: 2F 2-2: SINGLE (Groundball, 13S, EV 77.5 MPH) (infield hit)
|
|
Batting: LHB Isao Fukui
|
0-0: SINGLE (Groundball, 4, EV 98.1 MPH) Jean-Luc Legros to second Runner from 2nd tries for 3rd, SAFE, throw by RF made to third
|
|
Batting: RHB Yasutaka Yamasaki
|
0-0: Foul Ball, location: 2F 0-1: Ball 1-1: Fly out, F8 (Flyball, 8RM, EV 91.9 MPH)
|
|
Batting: RHB German Quiroga
|
0-0: Called Strike 0-1: Ball 1-1: Ball 2-1: Ball 3-1: Called Strike 3-2: Foul Ball, location: 2F 3-2: Strikes out looking
|
|
Batting: RHB Adam Fisher
|
0-0: Foul Ball, location: 2F 0-1: Ball 1-1: Called Strike 1-2: SINGLE (Groundball, 34D, EV 104.4 MPH) Jean-Luc Legros scores Isao Fukui to second Runner from 2nd tries for 3rd, SAFE, throw by RF made to third
|
|
Batting: RHB Juan Acero
|
0-0: Ball 1-0: Ball 2-0: Foul Ball, location: 2F 2-1: Foul Ball, location: 2F 2-2: Ball 3-2: Strikes out swinging
|
| Bottom of the 1st over - 1 run, 3 hits, 0 errors, 2 left on base; Pulaski 0 - Detroit (APP) 1 |
| TOP OF THE 2ND |
|
Pulaski Yankees batting - Pitching for Detroit (APP) Tigers : RHP Alvaro Patino
|
|
Batting: RHB Gonçalo Burhil
|
0-0: Ball 1-0: Called Strike 1-1: SINGLE (Groundball, P, EV 84.4 MPH) (infield hit)
|
|
Batting: RHB David Durr
|
0-0: Ball 1-0: Ball 2-0: Called Strike 2-1: Fly out, F4 (Line Drive, 4, EV 66.2 MPH) Lined into DP, 4-3 (Line Drive, 4, EV 65.0 MPH)
|
|
Batting: LHB Jared Zulkowski
|
0-0: Swinging Strike 0-1: Ball 1-1: Swinging Strike 1-2: Strikes out swinging
|
| Top of the 2nd over - 0 runs, 1 hit, 0 errors, 0 left on base; Pulaski 0 - Detroit (APP) 1 |
| BOTTOM OF THE 2ND |
|
Detroit (APP) Tigers batting - Pitching for Pulaski Yankees : LHP Dustin Shaw
|
|
Batting: RHB Nate Dabney
|
0-0: Ball 1-0: Ball 2-0: Ball 3-0: Base on Balls
|
|
Batting: RHB Yankel Pensak
|
0-0: Swinging Strike 0-1: Ball 1-1: Ball 2-1: Swinging Strike 2-2: Strikes out swinging
|
|
Batting: LHB Timotheus Young
|
0-0: Called Strike Nate Dabney steals 2nd, throwing error, E2 Nate Dabney to third 0-1: Ball 1-1: Foul Ball, location: 2F 1-2: Ball 2-2: Strikes out swinging
|
|
Batting: SHB Jean-Luc Legros
|
0-0: Ball 1-0: Called Strike 1-1: Ball Wild Pitch! Nate Dabney scores 2-1: Ball 3-1: Foul Ball, location: 2F 3-2: Base on Balls
|
|
Pitching: LHP Matt Cusatis
|
|
|
Batting: LHB Isao Fukui
|
0-0: Ball 1-0: Ball Wild Pitch! Jean-Luc Legros to second 2-0: Foul Ball, location: 2F 2-1: Swinging Strike 2-2: Ground out 6-3 (Groundball, 4M, EV 99.4 MPH)
|
| Bottom of the 2nd over - 1 run, 0 hits, 1 error, 1 left on base; Pulaski 0 - Detroit (APP) 2 |
| TOP OF THE 3RD |
|
Pulaski Yankees batting - Pitching for Detroit (APP) Tigers : RHP Alvaro Patino
|
|
Batting: LHB Sergio Huerta
|
0-0: Called Strike 0-1: Foul Ball, location: 2F 0-2: SINGLE (Line Drive, 4D, EV 95.6 MPH)
|
|
Batting: LHB Loo Lei
|
0-0: Ball 1-0: Swinging Strike 1-1: Ball 2-1: Grounds into double play, 6-4-3 (Groundball, 6, EV 110.6 MPH)
|
|
Batting: RHB Ben Cunningham
|
0-0: Ball 1-0: Called Strike 1-1: Ball 2-1: Called Strike 2-2: Strikes out looking
|
| Top of the 3rd over - 0 runs, 1 hit, 0 errors, 0 left on base; Pulaski 0 - Detroit (APP) 2 |
| BOTTOM OF THE 3RD |
|
Detroit (APP) Tigers batting - Pitching for Pulaski Yankees : LHP Matt Cusatis
|
|
Batting: RHB Yasutaka Yamasaki
|
0-0: Ball 1-0: SINGLE (Groundball, 56D, EV 99.4 MPH)
|
|
Batting: RHB German Quiroga
|
0-0: Called Strike Yasutaka Yamasaki steals 2nd, throwing error, E2 Yasutaka Yamasaki to third 0-1: Ball 1-1: Ball 2-1: Ball 3-1: Base on Balls
|
|
Batting: RHB Adam Fisher
|
0-0: Ball 1-0: Swinging Strike 1-1: Grounds into double play, 5-4-3 (Groundball, 5, EV 80.6 MPH) Yasutaka Yamasaki scores
|
|
Batting: RHB Juan Acero
|
0-0: Ball 1-0: Foul Ball, location: 2F 1-1: Ball 2-1: Ball 3-1: Called Strike 3-2: Foul Ball, location: 2F 3-2: Foul Ball, location: 2F 3-2: Strikes out swinging
|
| Bottom of the 3rd over - 1 run, 1 hit, 1 error, 0 left on base; Pulaski 0 - Detroit (APP) 3 |
| TOP OF THE 4TH |
|
Pulaski Yankees batting - Pitching for Detroit (APP) Tigers : RHP Alvaro Patino
|
|
Batting: RHB Jonathan Iniguez
|
0-0: Called Strike 0-1: Ball 1-1: Called Strike 1-2: Fly out, F7 (Flyball, 7S, EV 93.8 MPH)
|
|
Batting: SHB Corey Penson
|
0-0: Ball 1-0: Fly out, F7 (Flyball, 7S, EV 85.0 MPH)
|
|
Batting: LHB Steve LeGrand
|
0-0: Ball 1-0: Fly out, F7 (Flyball, 7, EV 86.2 MPH)
|
| Top of the 4th over - 0 runs, 0 hits, 0 errors, 0 left on base; Pulaski 0 - Detroit (APP) 3 |
| BOTTOM OF THE 4TH |
|
Detroit (APP) Tigers batting - Pitching for Pulaski Yankees : LHP Matt Cusatis
|
|
Pitching: RHP Jon Campbell
|
|
|
Batting: RHB Nate Dabney
|
0-0: Called Strike 0-1: Ball 1-1: Swinging Strike 1-2: Ball 2-2: Ball 3-2: Foul Ball, location: 2F 3-2: Base on Balls
|
|
Batting: RHB Yankel Pensak
|
0-0: Called Strike 0-1: Ball 1-1: Foul Ball, location: 2F 1-2: Strikes out swinging
|
|
Batting: LHB Timotheus Young
|
0-0: Ball Passed Ball! Nate Dabney to second 1-0: Ball Nate Dabney steals 3rd base 2-0: Ball 3-0: Called Strike 3-1: SINGLE (Groundball, 6MS, EV 68.1 MPH) (infield hit) Nate Dabney scores
|
|
Batting: SHB Jean-Luc Legros
|
0-0: Ball 1-0: Ball 2-0: Foul Ball, location: 2F 2-1: Foul Ball, location: 2F 2-2: Ball 3-2: Strikes out swinging Timotheus Young is caught stealing 2nd base 2-6 Batter strikes out.
|
| Bottom of the 4th over - 1 run, 1 hit, 0 errors, 0 left on base; Pulaski 0 - Detroit (APP) 4 |
| TOP OF THE 5TH |
|
Pulaski Yankees batting - Pitching for Detroit (APP) Tigers : RHP Alvaro Patino
|
|
Batting: RHB Gonçalo Burhil
|
0-0: SINGLE (Groundball, 56D, EV 101.9 MPH)
|
|
Batting: RHB David Durr
|
0-0: Called Strike 0-1: Ball 1-1: Ball 2-1: Foul Ball, location: 2F 2-2: Fielders Choice at 2nd, 5-4 (Groundball, 56, EV 86.2 MPH)
|
|
Batting: LHB Jared Zulkowski
|
0-0: Fielders Choice at 2nd, 1-6 (Groundball, 13S, EV 73.8 MPH)
|
|
Batting: LHB Sergio Huerta
|
0-0: Foul Ball, location: 2F 0-1: Foul Ball, location: 2F 0-2: Foul Ball, location: 2F 0-2: Strikes out swinging
|
| Top of the 5th over - 0 runs, 1 hit, 0 errors, 1 left on base; Pulaski 0 - Detroit (APP) 4 |
| BOTTOM OF THE 5TH |
|
Detroit (APP) Tigers batting - Pitching for Pulaski Yankees : RHP Jon Campbell
|
|
Batting: LHB Isao Fukui
|
0-0: Called Strike 0-1: Foul Ball, location: 2F 0-2: Ball 1-2: Strikes out looking
|
|
Batting: RHB Yasutaka Yamasaki
|
0-0: Called Strike 0-1: TRIPLE (Flyball, 7LD, EV 96.2 MPH)
|
|
Batting: RHB German Quiroga
|
0-0: TRIPLE (Flyball, 9LD, EV 91.9 MPH) Yasutaka Yamasaki scores
|
|
Batting: RHB Adam Fisher
|
0-0: Called Strike 0-1: Ball 1-1: Ball 2-1: Ball 3-1: Foul Ball, location: 2F 3-2: Base on Balls
|
|
Batting: RHB Juan Acero
|
0-0: Swinging Strike 0-1: Called Strike Adam Fisher steals 2nd base 0-2: Foul Ball, location: 2F 0-2: Foul Ball, location: 2F 0-2: Strikes out swinging
|
|
Batting: RHB Nate Dabney
|
0-0: Ball 1-0: DOUBLE (Line Drive, 7LS, EV 111.2 MPH) German Quiroga scores Adam Fisher scores
|
|
Batting: RHB Yankel Pensak
|
0-0: Ball 1-0: Ball 2-0: Ground out 6-3 (Groundball, 6, EV 83.8 MPH)
|
| Bottom of the 5th over - 3 runs, 3 hits, 0 errors, 1 left on base; Pulaski 0 - Detroit (APP) 7 |
| TOP OF THE 6TH |
|
Pulaski Yankees batting - Pitching for Detroit (APP) Tigers : RHP Alvaro Patino
|
|
Batting: LHB Loo Lei
|
0-0: Called Strike 0-1: Foul Ball, location: 2F 0-2: Strikes out swinging
|
|
Batting: RHB Ben Cunningham
|
0-0: Ball 1-0: Swinging Strike 1-1: Ball 2-1: DOUBLE (Line Drive, 7LM, EV 88.1 MPH)
|
|
Batting: RHB Jonathan Iniguez
|
0-0: Ball 1-0: Swinging Strike 1-1: Ground out 3-1 (Groundball, 34S, EV 86.2 MPH) Ben Cunningham to third
|
|
Batting: SHB Corey Penson
|
0-0: Fly out, F5 (Popup, 5SF, EV 76.9 MPH)
|
| Top of the 6th over - 0 runs, 1 hit, 0 errors, 1 left on base; Pulaski 0 - Detroit (APP) 7 |
| BOTTOM OF THE 6TH |
|
Detroit (APP) Tigers batting - Pitching for Pulaski Yankees : RHP Jon Campbell
|
|
Batting: LHB Timotheus Young
|
0-0: Called Strike 0-1: Ball 1-1: Foul Ball, location: 2F 1-2: Foul Ball, location: 2F 1-2: Foul Ball, location: 2F 1-2: Foul Ball, location: 2F 1-2: Strikes out swinging
|
|
Batting: SHB Jean-Luc Legros
|
0-0: Ball 1-0: Ball 2-0: Ball 3-0: Called Strike 3-1: Base on Balls
|
|
Batting: LHB Isao Fukui
|
0-0: Ball 1-0: Ball 2-0: Called Strike 2-1: Fielders Choice at 2nd, 3-6 (Groundball, 34, EV 80.0 MPH)
|
|
Pitching: LHP Jessie Neal
|
|
|
Batting: RHB Yasutaka Yamasaki
|
0-0: Foul Ball, location: 2F 0-1: Ball 1-1: Ball 2-1: SINGLE (Line Drive, 89S, EV 90.6 MPH) Isao Fukui to second Runner from 2nd tries for 3rd, SAFE, throw by RF made to third
|
|
Batting: RHB German Quiroga
|
0-0: Ball 1-0: Called Strike 1-1: Ball 2-1: Ball 3-1: Base on Balls Yasutaka Yamasaki to second
|
|
Batting: RHB Adam Fisher
|
0-0: Called Strike 0-1: Ball 1-1: Foul Ball, location: 2F 1-2: Strikes out swinging
|
| Bottom of the 6th over - 0 runs, 1 hit, 0 errors, 3 left on base; Pulaski 0 - Detroit (APP) 7 |
| TOP OF THE 7TH |
|
Pulaski Yankees batting - Pitching for Detroit (APP) Tigers : RHP Alvaro Patino
|
|
Batting: LHB Steve LeGrand
|
0-0: Ball 1-0: Foul Ball, location: 2F 1-1: Ball 2-1: Called Strike 2-2: Foul Ball, location: 2F 2-2: Fly out, F8 (Flyball, 8LM, EV 92.5 MPH)
|
|
Batting: RHB Gonçalo Burhil
|
0-0: Ball 1-0: Foul Ball, location: 2F 1-1: Ground out 5-3 (Groundball, 56S, EV 86.2 MPH)
|
|
Batting: RHB David Durr
|
0-0: Ball 1-0: Foul Ball, location: 2F 1-1: Ground out 3-1 (Groundball, 34, EV 86.9 MPH)
|
| Top of the 7th over - 0 runs, 0 hits, 0 errors, 0 left on base; Pulaski 0 - Detroit (APP) 7 |
| BOTTOM OF THE 7TH |
|
Detroit (APP) Tigers batting - Pitching for Pulaski Yankees : LHP Jessie Neal
|
|
Batting: RHB Juan Acero
|
0-0: Called Strike 0-1: DOUBLE (Flyball, 8LD, EV 103.1 MPH)
|
|
Batting: RHB Nate Dabney
|
0-0: Called Strike 0-1: Ball 1-1: Ball 2-1: Ball 3-1: Base on Balls
|
|
Batting: RHB Yankel Pensak
|
0-0: Swinging Strike 0-1: Ball 1-1: Ball 2-1: Grounds into double play, 4-6-3 (Groundball, 4, EV 102.5 MPH) Juan Acero to third
|
|
Batting: LHB Timotheus Young
|
0-0: Ball 1-0: Foul Ball, location: 2F 1-1: Swinging Strike 1-2: Ball 2-2: DOUBLE (Line Drive, 9LM, EV 106.9 MPH) Juan Acero scores
|
|
Batting: SHB Jean-Luc Legros
|
0-0: Foul Ball, location: 2F 0-1: Foul Ball, location: 2F 0-2: Strikes out swinging
|
| Bottom of the 7th over - 1 run, 2 hits, 0 errors, 1 left on base; Pulaski 0 - Detroit (APP) 8 |
| TOP OF THE 8TH |
|
Pulaski Yankees batting - Pitching for Detroit (APP) Tigers : RHP Alvaro Patino
|
|
Batting: LHB Jared Zulkowski
|
0-0: Ball 1-0: Called Strike 1-1: Called Strike 1-2: Strikes out looking
|
|
Batting: LHB Sergio Huerta
|
0-0: Ball 1-0: Called Strike 1-1: Foul Ball, location: 2F 1-2: Ball 2-2: Strikes out swinging
|
|
Batting: LHB Loo Lei
|
0-0: Ball 1-0: Called Strike 1-1: Ball 2-1: Ball 3-1: Base on Balls
|
|
Pitching: RHP Alex Amparo
|
|
|
Batting: RHB Ben Cunningham
|
0-0: Ball 1-0: Foul Ball, location: 2F 1-1: Ball 2-1: Ball 3-1: Foul Ball, location: 2F 3-2: Base on Balls Loo Lei to second
|
|
Batting: RHB Jonathan Iniguez
|
0-0: Foul Ball, location: 2F 0-1: Called Strike 0-2: Strikes out swinging
|
| Top of the 8th over - 0 runs, 0 hits, 0 errors, 2 left on base; Pulaski 0 - Detroit (APP) 8 |
| BOTTOM OF THE 8TH |
|
Detroit (APP) Tigers batting - Pitching for Pulaski Yankees : LHP Jessie Neal
|
|
Batting: LHB Isao Fukui
|
0-0: Ball 1-0: Ball 2-0: Ball 3-0: Base on Balls
|
|
Batting: RHB Yasutaka Yamasaki
|
0-0: Ball 1-0: Called Strike 1-1: Swinging Strike 1-2: Ball 2-2: SINGLE (Groundball, 56D, EV 103.8 MPH) Isao Fukui to second
|
|
Batting: RHB German Quiroga
|
0-0: Ball 1-0: Ball 2-0: Ball 3-0: Base on Balls Isao Fukui to third Yasutaka Yamasaki to second
|
|
Batting: RHB Adam Fisher
|
0-0: Grounds into double play, 6-4-3 (Groundball, 6, EV 90.6 MPH) Isao Fukui scores Yasutaka Yamasaki to third
|
|
Batting: RHB Juan Acero
|
0-0: Ball 1-0: Ball Wild Pitch! Yasutaka Yamasaki scores 2-0: Ball 3-0: Called Strike 3-1: Base on Balls
|
|
Pitching: LHP Alex Ramirez
|
|
|
Batting: RHB Nate Dabney
|
0-0: Called Strike 0-1: Ball 1-1: Foul Ball, location: 2F 1-2: Ball 2-2: Foul Ball, location: 2F 2-2: Strikes out looking
|
| Bottom of the 8th over - 2 runs, 1 hit, 0 errors, 1 left on base; Pulaski 0 - Detroit (APP) 10 |
| TOP OF THE 9TH |
|
Pulaski Yankees batting - Pitching for Detroit (APP) Tigers : RHP Alex Amparo
|
|
Batting: SHB Corey Penson
|
0-0: Called Strike 0-1: Ball 1-1: Foul Ball, location: 2F 1-2: Strikes out swinging
|
|
Batting: LHB Steve LeGrand
|
0-0: Ball 1-0: Fly out, F3 (Popup, 34, EV 67.5 MPH)
|
|
Batting: RHB Gonçalo Burhil
|
0-0: Hit by Pitch
|
|
Batting: RHB David Durr
|
0-0: Ball 1-0: Ball 2-0: Foul Ball, location: 2F 2-1: Called Strike 2-2: Foul Ball, location: 2F 2-2: Strikes out looking
|
| Top of the 9th over - 0 runs, 0 hits, 0 errors, 1 left on base; Pulaski 0 - Detroit (APP) 10 |
|